 Dungeon Crawl Stone Soup version 0.27-a0-797-g27d10ad80f (webtiles) character file.

Game seed: 8665524973898318525

74 dickylongcocking the Magician (level 4, -12/32 HPs)
             Began as a Djinni Venom Mage on Mar 27, 2021.
             Killed by nerve-wracking pain
             ... invoked by an orc priest
              (14 damage)
             ... on level 3 of the Dungeon.
             The game lasted 00:02:44 (3557 turns).

dickylongcocking the Magician (Djinni Venom Mage)   Turns: 3557, Time: 00:02:45

Health: -12/32     AC:  3    Str:  6 (8)  XL:     4   Next: 28%
Gold:   36         EV: 11    Int: 16 (17) God:
                   SH:  0    Dex: 12 (13)

rFire    + + .     SeeInvis .   f - staff of poison
rCold    x . .     Faith    .   (no shield)
rNeg     . . .     Spirit   .   d - +0 leather armour
rPois    ∞         Reflect  .   (no helmet)
rElec    .         Harm     .   (no cloak)
rCorr    .         Rampage  .   (no gloves)
Will     .....                  (boots unavailable)
Stlth    ++........             (no amulet)
HPRegen  0.10/turn              (no ring)
MPRegen  0.00/turn              (no ring)

@: flying, slightly contaminated
A: fire resistance 2, cold vulnerability 1, float, innate caster, hp casting,
extra vitality 1
a: no special abilities


You were on level 3 of the Dungeon.
You visited 1 branch of the dungeon, and saw 3 of its levels.

You collected 36 gold pieces.

Inventory:

Armour
 a - a +0 robe
 d - a +0 leather armour (worn)
Magical Staves
 c - a staff of earth
 f - a staff of poison (weapon)
Jewellery
 e - a +6 ring of dexterity
Scrolls
 b - 3 scrolls of identify {unknown}
 i - a scroll of teleportation {unknown}
 j - a scroll of fog {unknown}
Potions
 g - a potion of haste {unknown}
 h - 3 potions of degeneration
 k - a potion of lignification {unknown}


   Skills:
 * Level 1.4 Fighting
 - Level 2.5 Dodging
 - Level 2.1 Stealth
 * Level 3.6 Spellcasting


You couldn't memorise any spells.
You knew the following spells:

 Your Spells              Type           Power      Damage    Failure   Level
a - Sting                 Tmut/Pois      84%        1d7       6%          1
b - Foxfire               Conj/Fire      56%        2x1d6     6%          1
d - Olgreb's Toxic Radia  Pois           21%        N/A       52%         4
i - Ignite Poison         Fire/Tmut/Pois 21%        N/A       19%         3
p - Poisonous Vapours     Pois/Air       42%        N/A       10%         2
x - Mephitic Cloud        Conj/Pois/Air  21%        N/A       19%         3
Your spell library was empty.

Dungeon Overview and Level Annotations

Branches:
Dungeon (3/15)

Altars:
Okawaru
Trog
The Shining One

Shops:
D:1 [


Innate Abilities, Weirdness & Mutations

You are immune to poison.
Your flesh is very heat resistant. (rF++)
You are vulnerable to cold. (rC-)
You float through the air rather than walking.
You learn spells naturally, not from books.
Your magical power is your life essence.
You have superior vitality. (+4 HP)


Message History

Casting: Olgreb's Toxic Radiance (potentially lethal; 47% risk of failure)
Confirm with . or Enter, or press ? or * to list all spells.
The spell is potentially lethal to cast (47% risk of failure)!
Continue anyway?
You feel a surge of power!
You begin to radiate toxic energy.
The orc is poisoned.
The orc priest is poisoned. x2
The endoplasm quivers.
The orc looks even sicker.
The orc priest looks even sicker.
The orc priest invokes the aid of Beogh against you.
Beogh smites you!
* * * LOW HITPOINT WARNING * * *
The orc misses you.
The orc priest looks satisfied for a moment.
Unknown command.
Unknown command.
Unknown command.
Unknown command.
Casting: Olgreb's Toxic Radiance (potentially lethal; 47% risk of failure)
Confirm with . or Enter, or press ? or * to list all spells.
The spell is quite dangerous to cast (16% risk of failure)!
Continue anyway?
You feel a surge of power!
You miscast Ignite Poison.
You feel a strange surge of energy.
You are lightly contaminated with residual magic.
* * * LOW HITPOINT WARNING * * *
You kill the orc!
Your toxic aura wanes.
The orc priest begins to cast a cantrip, but forgets the words!
Unknown command.
Unknown command.
Unknown command.
Casting: Ignite Poison (quite dangerous; 16% risk of failure)
Confirm with . or Enter, or press ? or * to list all spells.
You don't have enough health to cast this spell.
There are monsters nearby!
Unknown command.
It was a potion of degeneration.
There was something very wrong with that liquid.
You feel weakened.
You feel dopey.
You feel clumsy.
The orc priest calls down the wrath of Beogh upon you.
Pain shoots through your body!
You die...

. #.# .## #.# #
..# #.# #. #.#
#.# .###.# #.#
#.# ......# #.#
#.####
#.....###.### #
#.....
#!..........##.#
#.####
#.###o@........#
#.# #)##.##.####
#.# #o
#.##.######.# #.
#.##........# #.
#.########### #J
#.# #. #.# #.
#.# #.# ##


You could see 2 orc priests and an endoplasm.

Vanquished Creatures
  2 adders
  2 worms (D:2)
  A dart slug (D:1)
  An orc (D:3)
  A bat (D:2)
  4 endoplasms
  3 giant cockroaches
  3 goblins (D:2)
  6 hobgoblins
  2 quokkas
  4 ball pythons
  3 frilled lizards (D:2)
  8 kobolds
  4 rats (D:2)
44 creatures vanquished.

Vanquished Creatures (others)
  17 plants
17 creatures vanquished.

Grand Total: 61 creatures vanquished

Notes
Turn   | Place    | Note
-------+----------+-------------------------------------------
     0 | D:1      | dickylongcocking the Djinni Venom Mage began the quest for
                  | the Orb.
     0 | D:1      | Reached XP level 1. HP: 15/15 MP: 0/0
   640 | D:1      | Found Xezecan's Antique Armour Boutique.
   650 | D:1      | Reached XP level 2. HP: 3/21 MP: 0/0
   653 | D:1      | Reached skill level 3 in Spellcasting
  1161 | D:1      | HP: 1/21 [hobgoblin (5)]
  1947 | D:2      | Reached XP level 3. HP: 16/25 MP: 0/0
  1947 | D:2      | Learned a level 1 spell: Foxfire
  2146 | D:2      | Found a bloodstained altar of Trog.
  2234 | D:2      | Found a glowing golden altar of the Shining One.
  2845 | D:2      | Reached skill level 1 in Fighting
  3184 | D:2      | Reached XP level 4. HP: 30/32 MP: 0/0
  3204 | D:2      | Found a faded altar of an unknown god.
  3402 | D:3      | Found an iron altar of Okawaru.
  3557 | D:3      | Killed from afar by an orc priest

Illustrated notes

Levels and vault maps discovered:
D:1:      onia_arrival_mini_spirals, layout_basic, serial_shops, shop_statue
D:2:      layout_rooms, bloody_trog, old_standard_altar,
          chequers_ecumenical_altar_simple, lexackson_kobold_supper
D:3:      layout_loops_ring, general_overflow_altar,
          gammafunk_temple_overflow_forgotten, uniq_grinder

Skill      XL: |  1  2  3 |
---------------+----------+-----
Spellcasting   | 3 |  3.6
Stealth        | 2 |  2.1
Fighting       | 1 |  1.4
Dodging        | |  2.5

Action                   |  1- 3 |  4- 6 || total
-------------------------+-------+-------++-------
Melee: Unarmed           |     6 |       ||     6
       Staff             |    10 |    11 ||    21
 Cast: Sting             |    44 |       ||    44
       Poisonous Vapours |    30 |       ||    30
       Ignite Poison     |     2 |     1 ||     3
       Olgreb's Toxic Ra |       |     3 ||     3
  Use: Potion            |       |     1 ||     1
Armor: Robe              |     2 |       ||     2
       Leather armour    |     3 |     1 ||     4
Dodge: Dodged            |    24 |    15 ||    39

Table legend: (Time is in decaauts)
 A = Elapsed time spent in this place.
 B = Non-inter-level travel time spent in this place.
 C = Inter-level travel time spent in this place.
 D = Time resting spent in this place.
 E = Time spent auto-exploring this place.
 F = Levels seen in this place.
 G = Mean time per level.
                   A        B        C        D        E       F      G
               +--------+--------+--------+--------+--------+-----+--------+
         Total |   3560 |   3502 |     58 |    988 |   2180 |   3 | 1186.7 |
       Dungeon |   3560 |   3502 |     58 |    988 |   2180 |   3 | 1186.7 |
               +--------+--------+--------+--------+--------+-----+--------+

Top non-repeatable levels by time:
     D:1: 2008 daAuts
     D:2: 1378 daAuts
     D:3: 174 daAuts
